 Dungeon Sprint DCSS version 0.30.1-11-g7821555f0a (webtiles) character file.

Game seed: 771976217666970823

90 Groucho the Ducker (level 4, -2/25 HPs)
             Began as a Spriggan Fighter on Jan 4, 2024.
             Slain by a black bear (3 damage)
             ... in the Dungeon (Sprint IX: "|||||||||||||||||||||||||||||").
             The game lasted 00:00:58 (258 turns).

Groucho the Ducker (Spriggan Fighter)                Turns: 258, Time: 00:00:58

Health: -2/25      AC:  2    Str: 12    XL:     4   Next: 32%
Magic:  3/7        EV: 19    Int:  9    God:
Gold:   0          SH:  5    Dex: 16    Spells: 3/3 levels left

rFire   . . .        a - +0 rapier
rCold   . . .        c - +0 buckler
rNeg    . . .        b - +0 robe
rPois   .            (helmet restricted)
rElec   .            (no cloak)
rCorr   .            (gloves unavailable)
SInv    +            (boots unavailable)
Will    .....        (no amulet)
Stlth   +++          (no ring)
HPRegen 0.24/turn    (no ring)
MPRegen 0.10/turn

%: no teleportation
@: mighty, on berserk cooldown, slowed, quick
A: very small, no large weapons, unfitting armour, see invisible, speed 3
a: no special abilities


You were in the Dungeon.
You visited 1 branch

Inventory:

Hand Weapons
 a - a +0 rapier (weapon)
Armour
 b - a +0 robe (worn)
 c - a +0 buckler (worn)
Scrolls
 j - a scroll of blinking
Potions
 f - a potion of heal wounds
 g - a potion of haste
 h - 2 potions of magic


   Skills:
 + Level 3.7 Fighting
 + Level 4.4 Short Blades
 + Level 6.0 Dodging
 + Level 5.2 Stealth
 + Level 3.3 Shields
 + Level 3.1 Invocations


You had 3 spell levels left.
You didn't know any spells.
Your spell library was empty.

Dungeon Overview and Level Annotations

Branches:
Dungeon (1/1)

Altars:


Innate Abilities, Weirdness & Mutations

You are very small and have problems with some larger weapons.
You are too small for most types of armour.
You have supernaturally acute eyesight. (SInv)
You cover ground extremely quickly. (Speed+++)


Message History

You feel sick. The iguana closely misses you.
Unknown command.
You hit the iguana.
You kill the iguana!
You feel sick.
Your Dodging skill increases to level 6!
Your Stealth skill increases to level 5!
Your Invocations skill increases to level 3!
You have reached level 4!
Unknown command.
Unknown command.
The quokka barely misses you.
There is an open door, spattered with blood here.
You see here an iguana corpse.
You puncture the quokka!
You kill the quokka!
You feel sick.
You closely miss the black bear.
You feel sick.
You hit the black bear.
The black bear is lightly wounded.
You are no longer berserk.
You are exhausted.
You feel yourself slow down. The black bear misses you.
The black bear claws you.
* * * LOW HITPOINT WARNING * * *
The black bear claws you but does no damage.
You barely miss the black bear.
The black bear is lightly wounded.
You feel sick. The black bear completely misses you.
The black bear barely misses you. You block the black bear's attack.
The black bear bites you.
* * * LOW HITPOINT WARNING * * *
The black bear closely misses you. The black bear misses you.
You puncture the black bear!
The black bear is heavily wounded.
You feel sick.
You are no longer poisoned.
You block the black bear's attack. The black bear completely misses you.
The black bear claws you.
You die...

▓+▓
▓.▓
▓.▓
▓.▓
▓O▓
▓h▓
▓@▓
▓.▓
▓.▓
▓.▓
▓.▓
▓÷▓
▓÷▓
▓.▓
▓.▓


You could see a black bear and an ogre.

Vanquished Creatures
  A scorpion (D)
  An iguana (D)
  A ball python (D)
  2 hobgoblins (D)
  A quokka (D)
  2 rats (D)
8 creatures vanquished.

Notes
Turn   | Place    | Note
-------+----------+-------------------------------------------
     0 | D        | Groucho the Spriggan Fighter began the quest for the Orb.
     0 | D        | Reached XP level 1. HP: 11/11 MP: 2/2
     7 | D        | Reached skill level 1 in Stealth
    16 | D        | Reached skill level 1 in Invocations
   236 | D        | Noticed an ogre
   236 | D        | Noticed a black bear
   236 | D        | Noticed an iguana
   236 | D        | Noticed a scorpion
   246 | D        | Killed a scorpion
   247 | D        | Reached skill level 5 in Dodging
   247 | D        | Reached XP level 2. HP: 13/16 MP: 3/5
   247 | D        | Reached XP level 3. HP: 16/20 MP: 3/6
   253 | D        | Reached skill level 6 in Dodging
   253 | D        | Reached skill level 5 in Stealth
   253 | D        | Reached XP level 4. HP: 11/25 MP: 3/7
   258 | D        | HP: 1/25 [poisoned by a scorpion]
   258 | D        | Slain by a black bear

Illustrated notes

Levels and vault maps discovered:
D:        linesprint [early_d, line_temple, items_1, d_10, items_2, lair_1,
          lair_end, items_3, orc_1, orc_end, items_4, d_15, swamp_1, shoals_1,
          snake_1, spider_1, d_20, vaults_1, items_5, swamp_end, shoals_end,
          snake_end, spider_end, vaults_end, d_27, items_6, zot_1, zot_end,
          crypt_end, forest_end, elf_end, slime_end, tomb_end, abyss_end,
          pan_hell_end]

Skill      XL: |  1  2  3 |
---------------+----------+-----
Stealth        | 4 5 |  5.2
Invocations    | 2 3 |  3.1
Fighting       | 3 |  3.7
Short Blades   | 4 |  4.4
Dodging        | 5 6 |  6.0
Shields        | 3 |  3.3

Action                     |  1- 3 |  4- 6 || total
---------------------------+-------+-------++-------
  Melee: Rapier            |    24 |     5 ||    29
    Use: Potion            |     3 |       ||     3
 Armour: Robe              |       |     1 ||     1
  Dodge: Dodged            |    10 |     7 ||    17
  Block: Buckler           |     5 |     2 ||     7
